 Dungeon Crawl Stone Soup version 0.28.0-45-g0d030f2227 (webtiles) character file.

Game seed: 1438138997053226429

238 NinjaNoafa the Magician (level 6, 0/44 HPs)
             Began as a Gnoll Hedge Wizard on Apr 4, 2022.
             Was a Follower of Fedhas.
             Slain by a kobold
             ... wielding a +0 dagger
              (1 damage)
             ... on level 2 of the Dungeon.
             The game lasted 00:05:05 (2125 turns).

NinjaNoafa the Magician (Gnoll Hedge Wizard)        Turns: 2125, Time: 00:05:06

Health: 0/44       AC:  9    Str: 10 (12) XL:     6   Next: 7%
Magic:  16/16      EV:  8    Int: 12 (13) God:    Fedhas [*.....]
Gold:   45         SH:  0    Dex: 11      Spells: 18/19 levels left

rFire   x . .      SeeInvis .   o - +0 scythe
rCold   + + .      Faith    .   (shield currently unavailable)
rNeg    . . .      Spirit   .   g - +0 ice dragon scales
rPois   +          Reflect  .   c - +0 hat
rElec   .          Harm     .   (no cloak)
rCorr   .          Rampage  .   (no gloves)
Will    .....                   (no boots)
Stlth   +.........              (no amulet)
HPRegen 0.14/turn               f - +4 ring of slaying
MPRegen 0.15/turn               m - ring of poison resistance

@: no status effects
A: fangs 1, strong nose, distributed training
a: Renounce Religion


You were on level 2 of the Dungeon.
You worshipped Fedhas.
Fedhas was aware of your devotion.
You visited 1 branch of the dungeon, and saw 3 of its levels.

You collected 45 gold pieces.

Inventory:

Hand Weapons
 a - a +0 dagger
 n - a +0 war axe
 o - a +0 scythe (weapon)
Missiles
 e - 20 sling bullets
 j - 52 stones (quivered)
Armour
 b - a +0 robe
 c - a +0 hat (worn)
 g - +0 ice dragon scales (worn)
Jewellery
 f - a +4 ring of slaying (left hand)
 m - a ring of poison resistance (right hand)
Scrolls
 d - a scroll of vulnerability {unknown}
 h - a scroll of torment {unknown}
 i - a scroll of magic mapping
 k - a scroll of fog {unknown}
 l - a scroll of identify {unknown}
 p - a scroll of brand weapon {unknown}


   Skills:
 + Level 1.8 Fighting
 + Level 1.8 Short Blades
 + Level 1.8 Long Blades
 + Level 1.8 Axes
 + Level 1.8 Maces & Flails
 + Level 1.8 Polearms
 + Level 1.8 Staves
 + Level 1.8 Slings
 + Level 1.8 Bows
 + Level 1.8 Crossbows
 + Level 1.8 Throwing
 + Level 1.8 Armour
 + Level 4.9 Dodging
 + Level 4.5 Stealth
 + Level 1.8 Shields
 + Level 1.8 Unarmed Combat
 + Level 7.3 Spellcasting
 + Level 2.5 Conjurations
 + Level 1.4 Hexes
 + Level 2.5 Summonings
 + Level 1.4 Necromancy
 + Level 2.5 Translocations
 + Level 1.4 Transmutations
 + Level 1.4 Fire Magic
 + Level 1.4 Ice Magic
 + Level 1.4 Air Magic
 + Level 1.4 Earth Magic
 + Level 1.4 Poison Magic
 + Level 2.0 Invocations
 + Level 1.8 Evocations


You had 18 spell levels left.
You knew the following spells:

 Your Spells              Type           Power      Damage    Failure   Level
a - Magic Dart            Conj           40%        1d5       50%         1

Your spell library contained the following spells:

 Spells                   Type           Power      Damage    Failure   Level
 Blink                    Tloc           20%        N/A       63%         2
 Call Imp                 Summ           10%        N/A       63%         2
 Slow                     Hex            28%        N/A       65%         1
 Conjure Flame            Conj/Fire      9%         6-21      90%         3
 Mephitic Cloud           Conj/Pois/Air  8%         N/A       92%         3


Dungeon Overview and Level Annotations

Branches:
Dungeon (3/15)

Altars:
Fedhas


Innate Abilities, Weirdness & Mutations

You have very sharp teeth.
Your uncanny sense of smell can sniff out nearby items.
Your experience applies equally to all skills.


Message History

The dart slug is heavily wounded.
The dart slug bites you but does no damage.
The worm bites you but does no damage.
A kobold and a dart slug come into view.
The dart slug bites you but does no damage.
The worm closely misses you.
You barely miss the worm. You bite the worm.
The worm is heavily wounded.
The dart slug closely misses you. The worm bites you.
The dart slug bites you but does no damage.
You hit the worm.
The worm is severely wounded.
The kobold completely misses you. The kobold hits you but does no damage.
The dart slug bites you but does no damage.
The worm bites you.
You barely miss the worm.
The worm is severely wounded.
The kobold hits you but does no damage.
The dart slug bites you but does no damage.
The kobold hits you but does no damage. The worm bites you!
You aren't carrying any potions.
You barely miss the worm. You bite the worm.
The worm is almost dead.
The kobold hits you with a +0 dagger.
* * * LOW HITPOINT WARNING * * *
The dart slug bites you.
* * * LOW HITPOINT WARNING * * *
The dart slug bites you but does no damage.
The worm bites you!
* * * LOW HITPOINT WARNING * * *
The kobold closely misses you. The dart slug barely misses you.
As you read the scroll labelled DATIC RETY, it crumbles to dust.
You feel aware of your surroundings.
It was a scroll of magic mapping.
The kobold barely misses you. The dart slug barely misses you.
The worm bites you.
* * * LOW HITPOINT WARNING * * *
The kobold barely misses you. The kobold hits you with a +0 dagger.
You die...
Fedhas appreciates your contribution to the ecosystem.

#......#********#⌠..†'..#
#......+,,,,,,.##.P.)#..#
#......#*#####..##...#...
#......#*.......,#♣.♣#...
#......#*.......,*####...
#......##.......,#####...
**##...$...........,#..♣#...
#.....(.wwKw.......##8..#...
#.....##...@.......#..P.#..#
#.....*#...........#⌠_.....#
#.....*#####.......#....#..#
#....,* *.......##.8.#..#
####*** *#######*#...#.##
#####.# ###


You could see a worm, 2 dart slugs and a kobold.

Vanquished Creatures
  Sigmund (D:2)
  2 adders (D:2)
  2 worms (D:2)
  A dart slug (D:1)
  5 bats
  2 endoplasms
  A giant cockroach (D:2)
  10 goblins
  5 hobgoblins
  5 jackals
  2 quokkas
  6 ball pythons (D:1)
  2 frilled lizards (D:1)
  3 kobolds
  5 rats (D:1)
52 creatures vanquished.

Vanquished Creatures (others)
  4 plants (D:2)
4 creatures vanquished.

Grand Total: 56 creatures vanquished

Notes
Turn   | Place    | Note
-------+----------+-------------------------------------------
     0 | D:1      | NinjaNoafa the Gnoll Hedge Wizard began the quest for the
                  | Orb.
     0 | D:1      | Reached XP level 1. HP: 13/13 MP: 8/8
   206 | D:1      | Reached XP level 2. HP: 13/19 MP: 8/10
   645 | D:1      | Reached XP level 3. HP: 25/25 MP: 11/11
  1008 | D:1      | Reached skill level 1 in Invocations
  1386 | D:2      | Reached skill level 1 in Fighting
  1386 | D:2      | Reached skill level 1 in Short Blades
  1386 | D:2      | Reached skill level 1 in Long Blades
  1386 | D:2      | Reached skill level 1 in Axes
  1386 | D:2      | Reached skill level 1 in Maces & Flails
  1386 | D:2      | Reached skill level 1 in Polearms
  1386 | D:2      | Reached skill level 1 in Staves
  1386 | D:2      | Reached skill level 1 in Slings
  1386 | D:2      | Reached skill level 1 in Bows
  1386 | D:2      | Reached skill level 1 in Crossbows
  1386 | D:2      | Reached skill level 1 in Throwing
  1386 | D:2      | Reached skill level 1 in Armour
  1386 | D:2      | Reached skill level 1 in Shields
  1386 | D:2      | Reached skill level 1 in Unarmed Combat
  1386 | D:2      | Reached skill level 1 in Evocations
  1597 | D:2      | Reached XP level 4. HP: 32/32 MP: 13/13
  1705 | D:2      | Found a faded altar of an unknown god.
  1711 | D:2      | Prayed at the altar of an unknown god.
  1711 | D:2      | Became a worshipper of Fedhas Madash
  1711 | D:2      | Reached * piety under Fedhas
  1937 | D:2      | Noticed Sigmund
  1950 | D:2      | Killed Sigmund
  1951 | D:2      | Reached skill level 1 in Hexes
  1951 | D:2      | Reached skill level 1 in Necromancy
  1951 | D:2      | Reached skill level 1 in Transmutations
  1951 | D:2      | Reached skill level 1 in Fire Magic
  1951 | D:2      | Reached skill level 1 in Ice Magic
  1951 | D:2      | Reached skill level 1 in Air Magic
  1951 | D:2      | Reached skill level 1 in Earth Magic
  1951 | D:2      | Reached skill level 1 in Poison Magic
  1951 | D:2      | Reached XP level 5. HP: 21/38 MP: 14/14
  1951 | D:2      | Reached XP level 6. HP: 24/44 MP: 16/16
  2123 | D:2      | HP: 1/44 [worm (2)]
  2125 | D:2      | Slain by a kobold

Illustrated notes

Levels and vault maps discovered:
D:1:      evilmike_arrival_fibonacci_small, layout_basic,
          chequers_serial_rivers_micro_c, nrook_mini_backslash
D:2:      layout_basic, chequers_ecumenical_altar_lobes, uniq_sigmund
D:3:      layout_rooms, serial_curves, eino_curves_02, eino_curves_04,
          st_stairs_13, chequers_serial_rivers_small_b, hangedman_decor_growths

Skill      XL: |  1  2  3  4 |
---------------+-------------+-----
Conjurations   | 2 |  2.5
Summonings     | 2 |  2.5
Translocations | 2 |  2.5
Invocations    | 1 2 |  2.0
Fighting       | 1 |  1.8
Short Blades   | 1 |  1.8
Long Blades    | 1 |  1.8
Axes           | 1 |  1.8
Maces & Flails | 1 |  1.8
Polearms       | 1 |  1.8
Staves         | 1 |  1.8
Slings         | 1 |  1.8
Bows           | 1 |  1.8
Crossbows      | 1 |  1.8
Throwing       | 1 |  1.8
Armour         | 1 |  1.8
Shields        | 1 |  1.8
Unarmed Combat | 1 |  1.8
Evocations     | 1 |  1.8
Hexes          | 1 |  1.4
Necromancy     | 1 |  1.4
Transmutations | 1 |  1.4
Fire Magic     | 1 |  1.4
Ice Magic      | 1 |  1.4
Air Magic      | 1 |  1.4
Earth Magic    | 1 |  1.4
Poison Magic   | 1 |  1.4
Dodging        | |  4.9
Stealth        | |  4.5
Spellcasting   | |  7.3

Action                   |  1- 3 |  4- 6 || total
-------------------------+-------+-------++-------
Melee: Dagger            |    76 |       ||    76
       Bite              |     7 |     4 ||    11
       War axe           |     2 |    13 ||    15
       Punch             |     1 |       ||     1
       Scythe            |       |    11 ||    11
Throw: Stone             |     4 |     4 ||     8
 Cast: Magic Dart        |    29 |       ||    29
  Use: Potion            |       |     2 ||     2
       Scroll            |       |     1 ||     1
Armor: Robe              |     4 |       ||     4
       Ice dragon scales |    35 |    18 ||    53
Dodge: Dodged            |    43 |    31 ||    74
